[Event "FIDE WSCC 50 2022"]
[Site "Assisi"]
[Date "2022.11.15"]
[Round "1.28"]
[White "Antonio, Rogelio Jr"]
[Black "Tsyn, Igor"]
[Result "1-0"]
[ECO "C19"]
[WhiteElo "2397"]
[BlackElo "2014"]
[Annotator "TA"]
[PlyCount "107"]
[EventDate "2022.11.14"]
[EventType "swiss"]
[EventCountry "ITA"]
[SourceTitle "playchess.com"]
[Source "ChessBase"]
[SourceQuality "1"]
[TimeControl "40/5400+30:1800+30"]

1. e4 e6 2. d4 d5 3. Nc3 Bb4 4. e5 Ne7 5. a3 Bxc3+ 6. bxc3 c5 7. h4 Qc7 8. Nf3 b6 9. a4 {C19: French: 3 Nc3 Bb4: Main line: 7 Nf3 and 7 a4.} Ba6 10. Bb5+ Bxb5 11. axb5 {The position is equal.} a5 {[#]} 12. O-O $146 ({Predecessor:} 12. bxa6 Rxa6 13. Rxa6 Nxa6 14. O-O Qc6 15. h5 h6 16. Bf4 Nc7 17. Qd2 Kd7 18. Rb1 {1-0 (43) Karjakin,S (2773)-Duda,J (2737) Chess.com INT 2018}) 12... h6 13. Nh2 Nd7 14. Qg4 (14. Ng4 $11 {remains equal.}) 14... Nf5 $17 15. Nf3 cxd4 16. cxd4 Qc4 (16... O-O $1 $17 17. Qf4 h5) 17. Qf4 ({Better is} 17. Ba3 $1 $15) 17... Nf8 ({Worse is} 17... Qxc2 18. Ba3 $15) 18. Qd2 Rc8 (18... Qxb5 $6 19. g4 Ne7 20. Ba3 $11) (18... g5 $1 $17 {And now ...g4 would win.} 19. Qd3 Qxd3 20. cxd3 g4) 19. Ba3 (19. g4 Ne7 20. Ba3 Qc3 $19) 19... Qc3 ({Of course not} 19... Qxc2 $6 20. Qxc2 Rxc2 21. Rfc1 Rxc1+ 22. Rxc1 $11) (19... h5 {seems wilder.} 20. Bxf8 Rxf8 21. c3 Qxc3 22. Rac1 Qxd2 23. Rxc8+ Ke7) 20. Rfd1 (20. Qxc3 $15 Rxc3 21. Rfc1) 20... Qxd2 ({But not} 20... Qxc2 21. Rac1 Qxd2 22. Rxc8+ Kd7 23. Rxd2 $16) (20... Kd7 {looks sharper.} 21. Ra2 Qxd2 22. Rxd2 h5) 21. Rxd2 h5 22. g3 Rc4 23. Bb2 Nd7 24. c3 O-O 25. Re2 Rfc8 26. Ne1 Kf8 27. Ng2 g6 28. Kh2 Rxc3 29. Bxc3 Rxc3 30. Rd2 (30. Rd1 $11) 30... Rc4 (30... f6 $15) 31. Rad1 $11 f6 32. exf6 Nxf6 33. f3 {Prevents Ne4.} Ne8 34. Nf4 Kf7 35. Nd3 Kg7 36. Ne5 Rb4 (36... Rc3 $11) 37. Kh3 (37. g4 $1 $14 hxg4 38. fxg4) 37... Ned6 38. Nc6 Rxb5 39. Nd8 Kf6 {...Ne3 is the strong threat.} 40. Re2 {Against Ne3} Rb3 41. Rxe6+ Kg7 42. Rf1 Nc4 43. Nc6 Nce3 $2 {[%mdl 8192] [#]} (43... Kf7 $11 {and Black has nothing to worry.} 44. Nd8+ Kg7) 44. Rc1 $1 $18 Nc4 {[#]} 45. Ne5 Nxd4 46. Rxg6+ Kh7 47. Rg5 Nxf3 48. Rxh5+ Kg7 49. Nxc4 dxc4 50. Rxc4 {aiming for Rc7+.} Kg6 51. Rd5 {White threatens Rc6+ and mate.} Kf6 52. Rc6+ Ke7 53. Rh5 {Threatening mate with Rh7+.} Nd4 54. Rh7+ {Weighted Error Value: White=0.16 (very precise) /Black=0.52} 1-0

[Event "FIDE WSCC 50 2022"]
[Site "Assisi"]
[Date "2022.11.15"]
[Round "1.29"]
[White "White, Nigel"]
[Black "Vinter-Schou, Uffe"]
[Result "0-1"]
[ECO "B33"]
[WhiteElo "2012"]
[BlackElo "2375"]
[Annotator "TA"]
[PlyCount "114"]
[EventDate "2022.11.14"]
[EventType "swiss"]
[EventCountry "ITA"]
[SourceTitle "playchess.com"]
[Source "ChessBase"]
[SourceQuality "1"]
[TimeControl "40/5400+30:1800+30"]

1. e4 c5 2. Nf3 Nc6 3. d4 cxd4 4. Nxd4 Qb6 5. Nb3 Nf6 6. Nc3 e6 7. Bd3 Be7 8. O-O a6 9. a4 Qc7 10. f4 d6 11. Qe2 b6 12. Bd2 {B33: Sicilian: Pelikan and Sveshnikov Variations.} Bb7 13. Rae1 Nd7 {[#]} (13... O-O $11) 14. Nd5 $1 {White is slightly better.} exd5 15. exd5 Nce5 16. fxe5 Nxe5 17. Bc3 {[#]} Bxd5 $146 ({Predecessor:} 17... O-O 18. Kh1 g6 19. Nd4 Bh4 20. Rd1 Rfe8 21. Qd2 Qe7 22. Nc6 Qg5 23. Qxg5 Bxg5 24. Nxe5 dxe5 {0-1 (35) Sanz Alonso,F (2410)-Barlov,D (2463) La Laguna 2009}) 18. Bxe5 (18. Nd4 $14 {feels stronger.}) 18... dxe5 $11 19. Qxe5 Qxe5 20. Rxe5 Be6 21. Re2 O-O 22. Nd2 Rfd8 23. Ne4 Rd4 24. Ra1 h5 25. Kf2 h4 {Black is more active. White is on the road to losing.} 26. Ke3 (26. Kg1 $15) 26... Rad8 $17 27. Kf2 (27. h3 $17) 27... Bg4 $19 28. Ree1 $2 (28. g3) 28... f5 29. Nd2 Bb4 (29... Bc5 $142 30. Kf1 Rf4+ 31. Nf3 h3) 30. Nf3 Bxe1+ 31. Rxe1 Bxf3 32. gxf3 Rxa4 {[%mdl 4096] Endgame KRR-KRB} 33. Re5 f4 34. Kg2 Rb4 35. Kh3 b5 36. Kxh4 Rxb2 37. Kg5 Rb4 38. h4 Rbd4 39. Be4 Rf8 40. Bd5+ Kh7 {aiming for ...Rd2.} 41. Be4+ {[#]} Kh8 $1 {Threatens to win with ...Rd2.} 42. h5 $2 (42. Kg4) 42... Rd6 43. Bf5 Rb6 44. Bd3 Rfb8 45. Kxf4 a5 46. Re7 Ra6 {Inhibits Ra7.} 47. Re5 a4 48. Bxb5 Ra5 49. c4 a3 {And now ...a2 would win.} 50. Re1 a2 51. Ra1 Rd8 52. Ke3 Ra3+ 53. Ke2 Rd4 {White must now prevent ...Rh4.} 54. Be8 Rxc4 {( -> ...Rc2+)} 55. Kd2 {Inhibits Rc2+.} Rh4 {Black mates.} 56. Bg6 Rh2+ 57. Kc1 Rc3+ {Weighted Error Value: White=0.67/Black=0.25 (precise)} 0-1

[Event "FIDE WSCC 50 2022"]
[Site "Assisi"]
[Date "2022.11.15"]
[Round "1.30"]
[White "Krizsany, Laszlo"]
[Black "Lescano, Ramon"]
[Result "1-0"]
[ECO "E73"]
[WhiteElo "2371"]
[BlackElo "2000"]
[Annotator "TA"]
[PlyCount "101"]
[EventDate "2022.11.14"]
[EventType "swiss"]
[EventCountry "ITA"]
[SourceTitle "playchess.com"]
[Source "ChessBase"]
[SourceQuality "1"]
[TimeControl "40/5400+30:1800+30"]

1. d4 Nf6 2. c4 g6 3. Nc3 Bg7 4. e4 d6 5. Be2 O-O 6. Bg5 h6 7. Be3 e5 8. d5 a5 9. Qd2 Kh7 10. f3 Nh5 {E73: King's Indian: Averbakh Variation without 6...c5.} 11. Bd1 Na6 12. Nge2 f5 (12... Qh4+ $142 13. g3 Qe7) 13. exf5 $1 $16 gxf5 {[#]} 14. O-O $146 (14. Bc2 $16) ({Predecessor:} 14. f4 Nc5 15. O-O Nf6 16. Bxc5 dxc5 17. fxe5 Ng4 18. e6 Bxe6 19. Nf4 Bd7 20. Bxg4 fxg4 {0-1 (28) Mancebo Ibanez,F (2260)-Sanchez Guirado,F (2360) Mislata 1996}) 14... f4 15. Bc2+ Kh8 16. Bf2 {White is more active.} (16. Qd3 $2 Bf5 17. Qd1 Bxc2 18. Qxc2 fxe3 $19) 16... Nc5 (16... b6 $142) 17. Bxc5 dxc5 18. Rad1 (18. Qd3 Bf5 19. Qd2 Bxc2 20. Qxc2 Nf6 $16) 18... Ra6 19. Ne4 (19. Qd3 Bf5 20. Qd2 Qg5 $16) 19... Bf5 (19... Qe7 $16 20. N2c3 Bf5) 20. Nxc5 $18 {Pair of Knights!} Rg6 21. Ne6 (21. Nxb7 Qa8 $16) 21... Qf6 22. Bxf5 {Really sharp!} (22. Nxf8 $6 Bxf8 23. Bxf5 Qxf5 24. Qxa5 Qg5 $18) 22... Qxf5 23. Qd3 Qxd3 24. Rxd3 Rg8 25. Rf2 (25. Nxc7 e4 26. fxe4 Be5 $15) 25... c6 26. Nc3 cxd5 27. cxd5 Nf6 28. Re2 Nxd5 29. Rxd5 Rxe6 30. Rxa5 e4 (30... Rd8 $16 31. Rc5 e4) 31. Nxe4 ({Resist} 31. Rxe4 Rd6 32. Rd5 (32. Rxf4 Rd2 $14) 32... Rxd5 33. Nxd5 Bxb2 34. Nxf4 Ra8 $18) 31... Bd4+ 32. Kf1 Rc6 33. g3 Rc1+ {[#]} 34. Kg2 $1 Rg1+ 35. Kh3 Rf1 36. Rf5 Be3 (36... Rxf3 {might work better.} 37. Rd2 Bg7 38. Rxf4 Rxf4 39. gxf4 b5) 37. Rf7 {White threatens Nf6 and mate.} Rg7 38. Rf8+ Rg8 39. Rxg8+ Kxg8 40. gxf4 Bxf4 {[%mdl 4096] Endgame KRB-KRN} 41. Kg4 Bc1 42. Ng3 Rd1 43. Rc2 b6 44. f4 Be3 45. Nf5 h5+ 46. Kf3 Bc1 47. Ng3 {Against Rf1+} h4 (47... Kf7 $142 48. Nxh5 Rf1+ 49. Kg4 Be3) 48. Ne2 Bd2 49. Nc3 Bxc3 50. bxc3 Rg1 $2 {[#]} (50... Kh7 $18 51. Rb2 Rd3+ 52. Kg4 Rxc3 53. Kxh4 (53. Rxb6 Ra3 $16) 53... Ra3) 51. Rg2+ $1 {Weighted Error Value: White=0.15 (very precise) /Black=0.42} 1-0